 Dungeon Crawl Stone Soup version 0.21-a0-440-g28109cb (webtiles) character file.

160454 GordonOverkill the Devastator (level 17, -3/102 HPs)
             Began as a Black Draconian Fire Elementalist on Nov 10, 2017.
             Was a High Priest of Vehumet.
             Killed from afar by a starcursed mass (12 damage)
             ... with an accursed screaming
             ... on level 2 of the Abyss.
             The game lasted 03:16:18 (48674 turns).

GordonOverkill the Devastator (DrFE)               Turns: 48674, Time: 03:16:18

Health: -3/102     AC: 16    Str: 10 (15) XL:     17   Next: 18%
Magic:  2/32       EV: 11    Int: 13 (16) God:    Vehumet [*****.]
Gold:   2988       SH: 24    Dex:  4 (5)  Spells: 6/41 levels left

rFire    + . .     SeeInvis .   a - +5 dagger (venom)
rCold    + . .     Gourm    .   o - +7 shield of the Kettle-Drum {Regen+ MP+9 Str+5 Dex-5}
rNeg     + . .     Faith    .   (armour unavailable)
rPois    .         Spirit   .   (helmet restricted)
rElec    +         Reflect  +   g - scarf {rC+ rF+}
rCorr    .         Harm     .   X - +2 pair of gloves {Str+3}
MR       +....     Rnd*Rage +   w - +1 pair of boots Stlth +.........Rnd*Tele +
                                m - +5 amulet of reflection
HPRegen  0.00/turn              u - ring of positive energy
MPRegen  0.23/turn              j - +2 ring of protection

@: flying, non-regenerating, diseased, hasted, very quick
A: breathe lightning, unfitting armour, big wings, [berserk 3], [blurry vision
3], [clumsy 2], [deterioration 2], [dopey 2], [frail 3], [low mp 3], [screaming
3], electricity resistance, [inhibited regeneration], [teleportitis 3], [weak
2], [no potion heal 3], cold-blooded, [subdued magic 3], [MP-powered wands], AC
+9
a: Breathe Lightning, Stop Flying, Renounce Religion


You were on level 2 of the Abyss.
You worshipped Vehumet.
Vehumet was extremely pleased with you.
You were hungry.

You visited 7 branches of the dungeon, and saw 32 of its levels.
You visited the Abyss 1 time.

You collected 3212 gold pieces.
You spent 224 gold pieces at shops.

Inventory:

Hand Weapons
 a - a +5 dagger of venom (weapon)
Missiles
 H - 2 throwing nets (quivered)
Armour
 g - a scarf of resistance (worn)
 o - the +7 shield of the Kettle-Drum (worn) {Regen+ MP+9 Str+5 Dex-5}
   (You found it on level 5 of the Dungeon)

   It affects your strength (+5).
   It affects your dexterity (-5).
   It affects your magic capacity (+9).
   It increases your rate of regeneration.
 w - a +1 pair of boots (worn)
 X - a +2 pair of gloves of strength (worn)
Magical Staves
 b - an uncursed staff of poison
 l - an uncursed staff of fire
 p - an uncursed staff of cold
Jewellery
 j - a +2 ring of protection (right hand)
 m - a +5 amulet of reflection (around neck)
 q - an uncursed ring of fire
 u - a ring of positive energy (left hand)
 A - a +5 amulet of reflection
 S - the ring of Culuow {rF++ rC+ MR- Dex+3}
   (You found it on level 6 of the Lair of Beasts)

   [ring of protection from cold]

   It affects your dexterity (+3).
   It greatly protects you from fire.
   It protects you from cold.
   It affects your resistance to hostile enchantments.
 T - an uncursed ring of protection from cold
Wands
 e - a wand of acid (1/15)
 h - a wand of scattershot (3/9)
 i - a wand of clouds (6/9)
 t - a wand of confusion (28/48)
 y - a wand of iceblast (4/15)
 C - a wand of acid (6/15)
 E - a wand of flame (27/48)
 F - a wand of lightning (6/15)
 G - a wand of polymorph (16/24)
 R - a wand of iceblast (5/15)
 V - a wand of flame (12/48)
Scrolls
 c - 13 scrolls of remove curse
 d - 7 scrolls of recharging
 f - 2 scrolls of amnesia
 k - a scroll of enchant weapon
 x - a scroll of fear
 K - 4 scrolls of magic mapping
 M - a scroll of fog
 U - a scroll of blinking
 W - a scroll of identify
Potions
 n - 5 potions of brilliance
 r - 3 potions of heal wounds
 s - 4 potions of mutation
 v - 3 potions of agility
 z - 4 potions of flight
 D - 2 potions of lignification
 I - 3 potions of invisibility
 J - 2 potions of curing
 N - a potion of ambrosia
 O - a potion of berserk rage
 P - 2 potions of haste
 Q - 3 potions of resistance
Books
 B - a book of Air

   Spells                             Type                      Level
   a - Shock                          Conjuration/Air              1
   b - Swiftness                      Charms/Air                   2
   c - Static Discharge               Conjuration/Air              3
   d - Airstrike                      Air                          4
   e - Lightning Bolt                 Conjuration/Air              5
Comestibles
 L - 16 bread rations


   Skills:
 - Level 12.0 Fighting
 - Level 1.7 Dodging
 - Level 1.7 Stealth
 - Level 15.0 Shields
 + Level 12.6 Spellcasting
 - Level 15.0 Conjurations
 - Level 11.0 Fire Magic
 - Level 10.0 Ice Magic
 - Level 7.0 Air Magic


You had 6 spell levels left.
You knew the following spells:

 Your Spells              Type           Power        Failure   Level  Hunger
a - Flame Tongue          Conj/Fire      ###..        0%          1    None
b - Spellforged Servitor  Conj/Summ      ##........   50%         7    #######
c - Sticky Flame          Conj/Fire      ###.....     1%          4    ###....
d - Fireball              Conj/Fire      ###.......   1%          5    #####..
e - Freezing Cloud        Conj/Ice/Air   ###.......   2%          6    ######.
f - Summon Lightning Spi  Summ/Air       #.......     12%         4    ###....
g - Bolt of Fire          Conj/Fire      ###.......   1%          6    ######.
h - Blink                 Tloc           N/A          7%          2    None


Dungeon Overview and Level Annotations

Branches:
Dungeon (15/15) Temple (1/1) D:7 Lair (6/6) D:10 Swamp (4/4) Lair:3 Spider (3/4) Lair:3 Slime (0/5) Lair:6 Orc (2/2) D:12 Elf (1/3) Orc:2 Vaults (0/5) D:13 D:14 Depths (0/5) D:15

Altars:
Ashenzari
Cheibriados
Dithmenos
Elyvilon
Fedhas
Gozag
Hepliaklqana
Kikubaaqudgha
Makhleb
Nemelex Xobeh
Okawaru
Qazlal
Ru
Sif Muna
Trog
Uskayaw
Vehumet
Wu Jian
Xom
Yredelemnul
Zin
The Shining One
Beogh

Shops:
D:10 (   D:11 (   Orc:1 *   Orc:2 (=[*

Annotations:
D:11 2 transporters, Nico3ck's ghost, journeyman GrWz
D:14 exclusion: Roxanne, Roxanne


Innate Abilities, Weirdness & Mutations

You can breathe wild blasts of lightning.
Your glossy black scales are hard. (AC +9)
You cannot fit into any form of body armour.
Your large and strong wings let you fly indefinitely.
You are resistant to electric shocks. (rElec)
You are cold-blooded and may be slowed by cold attacks.
[You have an uncontrollable temper.]
[Scrolls take you much longer to read.]
[You are very clumsy. (Dex -4)]
[Your body often deteriorates upon taking damage.]
[You are very dopey. (Int -4)]
[You are extremely frail. (-30% HP)]
[Your magical capacity is extremely low. (-30% MP)]
[You frequently scream uncontrollably at your foes.]
[You do not regenerate when monsters are visible.]
[You are often teleported next to monsters.]
[You are very weak. (Str -4)]
[Potions cannot restore your health.]
[Your spells are much easier to cast, but much less powerful.]
[You expend magic power (3 MP) to strengthen your wands.]


Message History

Confirm with . or Enter, or press ? or * to list all spells.
You blink.
The golden eye blinks at you.
You easily resist.
The lurking horror explodes!
Your body is wracked with pain!
* * * LOW HITPOINT WARNING * * *
The golden eye convulses!
The mana viper convulses!
The naga convulses!
The mana viper convulses!
A starcursed mass splits.
The mana viper looks sick.
The golden eye looks sick.
The naga looks sick.
The golden eye blinks at you.
You are confused.
Unknown command.
Unknown command.
Unknown command.
Your system rejects the healing.
You feel better.
Really read with blurry vision while enemies are nearby?
You feel ill.
A deafening chorus of shrieks assaults your mind!
You die...

## #... ≈≈≈≈≈# .
#.###.#≈≈≈≈≈# ##
#.#....≈≈≈≈.#
#.#
##...##v≈≈≈≈#..
..#. #
#..vx§≈vN≈≈# #.
#.....≈3G≈≈#...#
###.
#.#x.XtX♣S## .#.
. .#.##
####XXXxG###.# .
.. . ..#X.@....#
#.....#..
.XX#v.........
##≈ .#
#..X#.##..#.#..
. #≈3 . .#X##.#
..# # #.## #. .#
. ... # §#X#
#.##... ...# .≈#
2# .# ## ..## §
.## #.. ..#
##..# ..


You could see 5 starcursed masses, a spatial maelstrom, 3 spatial vortices, an
ancient zyme, an apocalypse crab, a large abomination, a mana viper, a
worldbinder, a smoke demon, a naga, a small abomination and 2 golden eyes.

Vanquished Creatures
  Nikola (Swamp:4)
  Rupert (D:13)
  A tentacled starspawn (Abyss:2)
  A thorn hunter (Swamp:4)
  Agnes (D:14)
  An orc warlord (Orc:2)
  The ghost of mhoghedin the Fighter, a journeyman DrVM of Kikubaaqudgha (Orc:1)
  A draconian stormcaller (Abyss:2)
  2 entropy weavers
  Azrael (D:14)
  13 hydras
  2 ice dragons (D:15)
  A catoblepas (Lair:6)
  Erica (D:9)
  A centaur warrior (D:13)
  3 two-headed ogres
  9 alligators
  A deep troll shaman (Lair:6)
  6 death yaks
  Urug (D:11)
  2 orc high priests (Orc:2)
  A deep elf knight (Orc:2)
  An unseen horror (D:15)
  A spriggan druid (Swamp:3)
  A glowing orange brain (Abyss:2)
  8 swamp dragons
  2 shambling mangroves
  A lindwurm (Lair:6)
  A spectral hydra (Swamp:4)
  9 orc knights
  8 deep elf magi
  A cyclops (D:14)
  9 wolf spiders
  Pikel (D:8)
  7 oklob plants
  3 orc sorcerers (Orc:2)
  An ugly thing (D:13)
  8 orb spiders
  4 centaur zombies
  Joseph (D:7)
  A moth of wrath (Spider:1)
  9 elephants
  4 black mambas
  2 torpor snails (Spider:2)
  18 spiny frogs
  A gargoyle (D:14)
  5 swamp worm zombies (Swamp:4)
  Maurice (D:11)
  2 centaur skeletons (D:15)
  13 rime drakes
  9 komodo dragons
  2 ancient zymes (Abyss:2)
  9 demonic crawlers
  A hydra zombie (Swamp:4)
  A spectral swamp dragon (Swamp:3)
  2 meliai (D:15)
  22 jumping spiders
  12 trolls
  14 hornets
  3 tyrant leeches
  15 blink frogs
  2 polar bears
  Grinder (D:4)
  2 alligator zombies (Swamp:4)
  6 dream sheep (Lair:6)
  5 bog bodies
  15 slime creatures
  12 hippogriffs
  57 redbacks
  17 tarantellas
  2 shadows
  5 spriggans
  2 fire elementals (D:14)
  A wraith (D:15)
  A vampire (D:11)
  A wyvern (D:12)
  Grum (D:9)
  2 basilisks
  16 humans
  A large abomination (Abyss:2)
  33 yaks
  A hungry ghost (D:10)
  10 steam dragons
  13 vampire mosquitoes
  Menkaure (D:6)
  Edmund (D:6)
  19 swamp worms
  4 wargs
  10 insubstantial wisps
  2 hell hounds (D:14)
  14 water moccasins
  A small abomination (Abyss:2)
  An acid dragon (D:15)
  12 porcupines
  9 swamp drakes
  A hornet zombie (D:7)
  6 sky beasts
  3 ice beasts
  32 orc warriors
  2 phantoms
  A slave (D:8)
  7 ogres
  2 black bears
  2 swamp dragon zombies (Swamp:4)
  2 necrophages
  14 wolves
  8 crocodiles
  3 centaurs
  Blork the orc (D:6)
  A big kobold (D:9)
  14 bullfrogs
  A wyvern zombie (D:12)
  9 killer bees
  A scorpion (D:13)
  A howler monkey (D:5)
  14 wights
  An electric eel (Lair:1)
  2 bullfrog zombies (D:9)
  A crimson imp (D:5)
  5 jellies
  A hound (D:10)
  2 bullfrog skeletons
  19 orc priests
  Crazy Yiuf (D:6)
  3 iguanas
  22 orc wizards
  8 worker ants
  15 hell rats
  A killer bee zombie (D:8)
  2 hound zombies
  A hound skeleton (D:4)
  8 gnolls
  13 adders
  5 shadow imps
  A white imp (Abyss:2)
  An ufetubus (Abyss:2)
  An ooze (D:6)
  2 adder skeletons
  An adder zombie (D:5)
  10 worms
  A dart slug (D:2)
  5 leopard geckos
  84 orcs
  11 bats
  6 giant cockroaches
  8 goblins
  9 hobgoblins
  3 jackals (D:7)
  14 kobolds
  4 quokkas
  A ball python (D:1)
  3 frilled lizards
  A leopard gecko skeleton (D:7)
  14 rats
  2 bushes (Lair:3)
  6 fungi
  3 plants
971 creatures vanquished.

Vanquished Creatures (collateral kills)
  An emperor scorpion (Spider:2)
  An orc warlord (Orc:1)
  An entropy weaver (Spider:2)
  A spectral hydra (Swamp:3)
  A phantasmal warrior (Swamp:4)
  A demonic crawler (Spider:1)
  A rime drake (Lair:2)
  A hydra zombie (Swamp:4)
  A meliai (D:15)
  3 spectral swamp dragons
  2 redbacks
  A shadow (D:15)
  A wraith (D:14)
  6 phantoms (Swamp:4)
22 creatures vanquished.

Vanquished Creatures (others)
  Nessos (D:14)
  An ice beast (D:10)
  A killer bee (D:10)
  A worker ant (D:9)
  2 human simulacra (D:10)
  9 fungi
  A lurking horror (Abyss:2)
  13 plants
  2 starspawn tentacles (Abyss:2)
31 creatures vanquished.

Grand Total: 1024 creatures vanquished

Notes
Turn   | Place    | Note
-------+----------+-------------------------------------------
     0 | D:1      | GordonOverkill the Draconian Fire Elementalist began the quest for the Orb.
     0 | D:1      | Reached XP level 1. HP: 14/14 MP: 3/3
   264 | D:1      | Reached XP level 2. HP: 22/22 MP: 0/5
   657 | D:1      | Reached skill level 1 in Fighting
   788 | D:1      | Reached XP level 3. HP: 28/28 MP: 4/6
  1367 | D:2      | Learned a level 3 spell: Conjure Flame
  1689 | D:2      | Reached XP level 4. HP: 35/35 MP: 0/7
  2033 | D:2      | Found a stormy altar of Qazlal.
  2657 | D:3      | Learned a level 4 spell: Sticky Flame
  3287 | D:3      | Reached XP level 5. HP: 39/41 MP: 0/9
  4077 | D:4      | Noticed Grinder
  4316 | D:4      | Noticed an ogre
  4328 | D:4      | Killed an ogre
  4328 | D:4      | Reached XP level 6. HP: 50/50 MP: 1/10
  4770 | D:4      | Killed Grinder
  4770 | D:4      | Your scales start taking on a glossy black colour.
  4770 | D:4      | Reached XP level 7. HP: 34/57 MP: 1/12
  4770 | D:4      | Gained mutation: You are resistant to electric shocks. (rElec) [Black Draconian growth]
  5241 | D:4      | Reached skill level 5 in Conjurations
  5610 | D:5      | Entered Level 5 of the Dungeon
  5637 | D:5      | Found a shadowy altar of Dithmenos.
  5680 | D:5      | Noticed a moth of wrath
  5683 | D:5      | Found a bloodstained altar of Trog.
  6088 | D:5      | Found an iron altar of Okawaru.
  6180 | D:5      | Got a slimy shield
  6181 | D:5      | Identified the +7 shield of the Kettle-Drum {Regen+ MP+9 Str+5 Dex-5} (You found it on level 5 of the Dungeon)
  6246 | D:5      | Learned a level 5 spell: Fireball
  6522 | D:5      | Found a hazy altar of Hepliaklqana.
  6706 | D:5      | Reached skill level 1 in Shields
  6830 | D:6      | Reached skill level 5 in Fire Magic
  6841 | D:6      | Noticed Menkaure
  6852 | D:6      | Killed Menkaure
  6852 | D:6      | Reached XP level 8. HP: 66/66 MP: 0/14
  6974 | D:6      | Found a blossoming altar of Fedhas.
  7000 | D:6      | Noticed Blork the orc
  7030 | D:6      | Killed Blork the orc
  7205 | D:6      | Found a glowing golden altar of the Shining One.
  7205 | D:6      | Found an opulent altar of Gozag.
  7468 | D:6      | Found a burning altar of Makhleb.
  7668 | D:6      | Reached skill level 5 in Spellcasting
  7804 | D:6      | Noticed Edmund
  7812 | D:6      | Killed Edmund
  7851 | D:6      | Found a runed door.
  7855 | D:6      | Noticed Crazy Yiuf
  7858 | D:6      | Killed Crazy Yiuf
  7965 | D:7      | Reached XP level 9. HP: 71/71 MP: 9/16
  8213 | D:7      | Noticed Joseph
  8254 | D:7      | Killed Joseph
  8933 | D:7      | Found a staircase to the Ecumenical Temple.
  8942 | Temple   | Entered the Ecumenical Temple
  9098 | Temple   | Became a worshipper of Vehumet
  9661 | D:8      | Noticed a two-headed ogre
  9679 | D:8      | Killed a two-headed ogre
  9679 | D:8      | Reached skill level 5 in Shields
  9679 | D:8      | Reached XP level 10. HP: 27/78 MP: 1/19
 10204 | D:8      | Noticed Pikel
 10221 | D:8      | Killed Pikel
 10221 | D:8      | Reached * piety under Vehumet
 10221 | D:8      | Offered knowledge of Shock by Vehumet.
 10606 | D:9      | Noticed a two-headed ogre
 10619 | D:9      | Killed a two-headed ogre
 10782 | D:9      | Reached skill level 10 in Conjurations
 11076 | D:9      | Noticed Grum
 11091 | D:9      | Killed Grum
 11681 | D:9      | Offered knowledge of Magic Dart by Vehumet.
 11822 | D:9      | Reached ** piety under Vehumet
 12262 | D:9      | Noticed Erica
 12276 | D:9      | Killed Erica
 12276 | D:9      | Reached XP level 11. HP: 67/83 MP: 15/21
 12511 | D:10     | Entered Level 10 of the Dungeon
 12898 | D:10     | Found a staircase to the Lair.
 13045 | D:10     | Found Analott's Antique Weapon Shop.
 13052 | D:10     | Bought a faintly glowing dagger for 224 gold pieces
 13052 | D:10     | Identified the +8 dagger "GordonOverkill's Foe" {chaos, +Fly} (You bought it in a shop on level 10 of the Dungeon)
 13063 | D:10     | Noticed a two-headed ogre
 13081 | D:10     | Killed a two-headed ogre
 13082 | D:10     | Offered knowledge of Static Discharge by Vehumet.
 13719 | D:11     | Noticed Maurice
 13728 | D:11     | Killed Maurice
 13848 | D:11     | Noticed a seven-headed hydra
 13849 | D:11     | Found a transporter.
 13851 | D:11     | Noticed a frost giant
 13852 | D:11     | Noticed a fire crab
 13852 | D:11     | Noticed a tengu reaver
 13854 | D:11     | Noticed Urug
 13873 | D:11     | Killed Urug
 14207 | D:11     | Found a transporter.
 14226 | D:11     | Noticed Nico3ck's ghost (journeyman GrWz)
 15489 | D:11     | Found Eniemm's Antique Weapon Boutique.
 15650 | Lair:1   | Entered Level 1 of the Lair of Beasts
 15666 | D:10     | Reached *** piety under Vehumet
 15880 | Lair:1   | Identified a scroll of acquirement
 16003 | Lair:1   | Offered knowledge of Ignite Poison by Vehumet.
 16361 | Lair:1   | Reached XP level 12. HP: 91/91 MP: 24/24
 17214 | Lair:2   | Reached **** piety under Vehumet
 17607 | Lair:2   | Offered knowledge of Bolt of Draining by Vehumet.
 17706 | Lair:2   | Reached skill level 10 in Fire Magic
 18811 | Lair:3   | Reached XP level 13. HP: 84/96 MP: 5/26
 19474 | Lair:3   | Reached ***** piety under Vehumet
 19612 | Lair:3   | Found a hole to the Spider Nest.
 19625 | Lair:3   | Offered knowledge of Freezing Cloud by Vehumet.
 19782 | Lair:3   | Found a staircase to the Swamp.
 19838 | Lair:3   | Learned a level 6 spell: Freezing Cloud
 20489 | Lair:4   | Reached skill level 10 in Spellcasting
 20815 | Lair:4   | Reached skill level 10 in Shields
 22657 | Lair:6   | Entered Level 6 of the Lair of Beasts
 23432 | Lair:6   | Gained mutation: Your large and strong wings let you fly indefinitely. [Black Draconian growth]
 23432 | Lair:6   | Reached XP level 14. HP: 53/103 MP: 4/28
 23877 | Lair:6   | Offered knowledge of Throw Icicle by Vehumet.
 24137 | Lair:6   | Found a staircase to the Slime Pits.
 24654 | Lair:6   | Reached skill level 15 in Conjurations
 24690 | Lair:6   | Found the +9 staff of Olgreb {rPois}
 24702 | Lair:6   | Learned a level 4 spell: Summon Lightning Spire
 24706 | Lair:6   | Got a vibrating copper ring
 24707 | Lair:6   | Identified the ring of Culuow {rF++ rC+ MR- Dex+3} (You found it on level 6 of the Lair of Beasts)
 25775 | D:12     | Found a staircase to the Orcish Mines.
 25909 | D:13     | Reached skill level 1 in Air Magic
 26582 | D:14     | Found a gate to the Vaults.
 26582 | D:14     | Noticed Nessos
 26582 | D:14     | Noticed Rupert
 26586 | D:14     | Noticed Azrael
 26789 | D:13     | Paralysed by Rupert for 3 turns
 26802 | D:13     | Killed Rupert
 27029 | D:14     | Killed Nessos
 27217 | D:14     | Killed Azrael
 27672 | D:14     | Noticed Agnes
 27680 | D:14     | Killed Agnes
 27680 | D:14     | Reached skill level 5 in Air Magic
 27838 | D:14     | Noticed Roxanne
 28115 | Orc:1    | Entered Level 1 of the Orcish Mines
 28132 | Orc:1    | Noticed mhoghedin's ghost (journeyman DrVM)
 28678 | D:15     | Entered Level 15 of the Dungeon
 29712 | D:15     | Found a glowing golden altar of the Shining One.
 29761 | D:15     | Reached XP level 15. HP: 108/108 MP: 29/29
 29845 | D:15     | Found a staircase to the Depths.
 30060 | Orc:2    | Entered Level 2 of the Orcish Mines
 30559 | Orc:2    | Reached ****** piety under Vehumet
 30567 | Orc:2    | Reached skill level 15 in Shields
 30708 | Orc:2    | Reached skill level 1 in Ice Magic
 30973 | Orc:2    | Found Nufey's Jewellery Boutique.
 31054 | Orc:2    | Noticed an orc warlord
 31071 | Orc:1    | Killed an orc warlord
 31184 | Orc:2    | Found a roughly hewn altar of Beogh.
 31246 | Orc:1    | Found Foalebio's Assorted Antiques.
 31475 | Orc:1    | Offered knowledge of Bolt of Magma by Vehumet.
 31750 | Orc:2    | Found Noimmysaocs's General Store.
 31772 | Orc:2    | Learned a level 5 spell: Bolt of Magma
 31918 | Orc:2    | Found a staircase to the Elven Halls.
 31935 | Orc:2    | Learned a level 2 spell: Blink
 31941 | Orc:2    | Found Lunuylos's Antique Armour Boutique.
 31973 | Orc:2    | Reached skill level 5 in Ice Magic
 32118 | Orc:2    | Found Daeqixu Rasch's Antique Weapon Boutique.
 32221 | Orc:2    | Noticed an orc warlord
 32250 | Orc:2    | Killed an orc warlord
 33099 | Swamp:1  | Entered Level 1 of the Swamp
 35024 | Swamp:2  | Offered knowledge of Venom Bolt by Vehumet.
 35233 | Swamp:2  | Reached skill level 5 in Fighting
 36524 | Swamp:2  | Got a steaming long sword
 36525 | Swamp:2  | Identified the +5 long sword "Adoll" {vamp, MR+++ MP-9 Str+8 Stlth-} (You found it on level 2 of the Swamp)
 37202 | Swamp:3  | Reached XP level 16. HP: 45/132 MP: 24/30
 37741 | Swamp:3  | Offered knowledge of Bolt of Fire by Vehumet.
 37810 | Swamp:3  | Reached skill level 10 in Fighting
 38269 | Swamp:4  | Entered Level 4 of the Swamp
 38766 | Swamp:4  | Noticed Nikola
 38795 | Swamp:4  | Killed Nikola
 39031 | Swamp:4  | Noticed a thorn hunter
 39036 | Swamp:4  | Killed a thorn hunter
 39092 | Swamp:4  | Learned a level 6 spell: Bolt of Fire
 40406 | Swamp:4  | Noticed a bone dragon
 40808 | Spider:1 | Entered Level 1 of the Spider Nest
 42205 | Spider:1 | Offered knowledge of Spellforged Servitor by Vehumet.
 42380 | Spider:1 | Reached skill level 10 in Ice Magic
 43010 | Spider:1 | Learned a level 7 spell: Spellforged Servitor
 44844 | Spider:3 | Offered knowledge of Ozocubu's Refrigeration by Vehumet.
 45988 | Spider:3 | Reached XP level 17. HP: 146/146 MP: 32/32
 47913 | Orc:1    | Killed mhoghedin's ghost
 48136 | Elf:1    | Entered Level 1 of the Elven Halls
 48138 | Elf:1    | Cast into level 2 of the Abyss (a deep elf demonologist)
 48674 | Abyss:2  | Killed from afar by a starcursed mass

Vault maps used:
D:1:      sevenhm_arrival_forest_fort_large_1, minivault_4
D:2:      minmay_door_path, grunt_qazlal_sundering
D:3:      serial_co_window_serial, co_window_of_opportunity_a,
          co_window_paths_b, co_window_paths_a, co_window_corner_a,
          co_window_paths_a, co_window_paths_c, co_window_unsneaky_path_c,
          co_window_broadway_b, co_window_of_opportunity_c, co_window_4corner_b,
          co_window_paths_d, glass_columns_a
D:4:      first_bread, uniq_grinder
D:5:      nicolae_overflow_hidden_temple, old_standard_altar,
          okawaru_gym_becter, tgw_trog, water_boxes_lemuel
D:6:      fedhas_altar_2, grunt_temple_overflow_open, bloody_makhleb,
          uniq_crazy_yiuf_cottage, uniq_blork_the_orc, uniq_edmund,
          uniq_menkaure
D:7:      temple_fountains, uniq_joseph
D:8:      nrook_loot_triangle, uniq_pikel
D:9:      hangedman_decor_opposing, hangedman_pestilent_swarm, abandoned_shop,
          uniq_grum, uniq_erica
D:10:     erik_lair_orcish_takeover, serial_shops,
          nicolae_shop_overgrown_old_shop, bh_circular_ruins
D:11:     gammafunk_sealed_arena, serial_shops, shop, uniq_maurice, uniq_urug
D:12:     hiddenorc1_lemuel, minmay_misc_feat_pillars
D:13:     minmay_item_behind_shaft
D:14:     david_vaults_3, spider_trap, uniq_roxanne, uniq_azrael, uniq_rupert,
          uniq_agnes
D:15:     grunt_enter_depths_hoard, nicolae_tso_swordbearing_angel
Temple:   eino_narrow_crystal_temple
Lair:1:   statuecave_lemuel, st_stairs_6, serial_bayou_ford_a,
          grunt_megastairs_1
Lair:2:   bobbens_dragon_lair_wall
Lair:3:   swamp_mist_pool, spider_nest_entry_funnel_web, disabler_island
Lair:4:   minmay_lair_oklob_chamber
Lair:5:   grunt_megastairs_3
Lair:6:   grunt_lair_end_beastmaster, slime_dummy, columned_hall_lemuel,
          serial_bayou_shore_a
Swamp:1:  nicolae_swamp_feature_on_the_river_bank, nicolae_swamp_fairy_circle,
          infiniplex_staircase_pool_2
Swamp:2:  nicolae_swamp_orc_logging_accident
Swamp:3:  evilmike_swamp_ruin_rubble_1
Swamp:4:  swamp_pestilence, uniq_nikola
Spider:3: nicolae_spider_cling_ruins
Orc:1:    serial_shops, nicolae_shop_overgrown_old_shop, minmay_orc_barracks
Orc:2:    grunt_orc_gardens, grunt_orc_garden, grunt_orc_garden,
          grunt_orc_garden, grunt_orc_garden, basic_altar, special_room,
          elf_legates
Elf:1:    eino_elf_arrival_altar, kennysheep_underground_church

Skill      XL: |  1  2  3  4  5  6  7  8  9 10 11 12 13 14 15 16 17 |
---------------+----------------------------------------------------+-----
Fighting       | 1 2 3 9 12 | 12.0
Conjurations   | 2 3 4 5 7 9 10 12 13 14 15 | 15.0
Spellcasting   | 3 4 5 6 7 8 9 10 11 12 | 12.6
Fire Magic     | 4 5 6 7 8 9 10 11 | 11.0
Shields        | 1 3 5 6 8 9 12 14 15 | 15.0
Air Magic      | 6 7 |  7.0
Ice Magic      | 8 10 | 10.0
Dodging        | |  1.7
Stealth        | |  1.7

Action                   |  1- 3 |  4- 6 |  7- 9 | 10-12 | 13-15 | 16-18 || total
-------------------------+-------+-------+-------+-------+-------+-------++-------
Melee: Spear             |     6 |    26 |       |       |       |       ||    32
       Tailslap          |     1 |     5 |     6 |    32 |   123 |    88 ||   255
       Dagger            |       |    12 |    77 |   267 |   867 |   453 ||  1676
       Staff             |       |       |       |       |    11 |    23 ||    34
 Cast: Flame Tongue      |    64 |   114 |   163 |   270 |   448 |   551 ||  1610
       Conjure Flame     |       |     2 |     4 |     5 |     5 |       ||    16
       Sticky Flame      |       |     1 |    27 |   136 |   291 |   207 ||   662
       Fireball          |       |       |       |    19 |   149 |    34 ||   202
       Summon Lightning  |       |       |       |       |    17 |    38 ||    55
       Freezing Cloud    |       |       |       |       |    26 |    12 ||    38
       Bolt of Magma     |       |       |       |       |    13 |     3 ||    16
       Blink             |       |       |       |       |     7 |    11 ||    18
       Bolt of Fire      |       |       |       |       |       |     8 ||     8
 Abil: Breathe Lightning |       |       |     5 |     7 |     6 |     2 ||    20
Evoke: Wand              |       |       |     2 |       |     3 |     2 ||     7
  Use: Scroll            |       |    10 |     9 |    14 |    16 |    11 ||    60
       Potion            |       |       |     2 |     5 |     9 |    12 ||    28
 Stab: Distracted        |       |       |       |       |       |     4 ||     4
  Eat: Chunk             |     3 |    11 |    20 |    35 |    55 |    10 ||   134
       Fruit             |       |       |       |    14 |     6 |     1 ||    21
       Royal jelly       |       |       |       |     1 |    11 |    10 ||    22
       Meat ration       |       |       |       |       |     9 |     3 ||    12
       Bread ration      |       |       |       |       |       |     3 ||     3
Armor: Skin              |    15 |    20 |    44 |    89 |   183 |   386 ||   737
Dodge: Dodged            |    17 |    25 |    59 |   123 |   220 |   383 ||   827
Block: Other             |       |     2 |    27 |    31 |       |       ||    60
       Reflection        |       |       |     5 |     9 |    25 |     7 ||    46
       Shield            |       |       |       |   248 |  1245 |  1646 ||  3139

Table legend:
 A = Spawn XP
 B = Non-spawn XP
 C = Spawn XP percentage of total XP
 D = Spawn monster count
 E = Non-spawn monster count
 F = Spawn count percentage of total count
 G = Total turns spent on level
                    A         B        C        D         E        F      G
               +---------+---------+-------+---------+---------+-------+---------
         Total |    4791 |  224430 |   2.1 |       8 |     974 |   0.8 | 48674
               +---------+---------+-------+---------+---------+-------+---------
           D:1 |       0 |      46 |   0.0 |       0 |      26 |   0.0 |  1154
           D:2 |       0 |      80 |   0.0 |       0 |      24 |   0.0 |  1547
           D:3 |       0 |     166 |   0.0 |       0 |      27 |   0.0 |  1415
           D:4 |       0 |     690 |   0.0 |       0 |      21 |   0.0 |  1494
           D:5 |       0 |     239 |   0.0 |       0 |      13 |   0.0 |  1214
           D:6 |       0 |    1542 |   0.0 |       0 |      25 |   0.0 |  1109
           D:7 |       0 |    1807 |   0.0 |       0 |      25 |   0.0 |  1775
           D:8 |       0 |    2294 |   0.0 |       0 |      14 |   0.0 |   758
           D:9 |       0 |    4451 |   0.0 |       0 |      49 |   0.0 |  1873
          D:10 |       0 |    3135 |   0.0 |       0 |      25 |   0.0 |  1485
          D:11 |       0 |    2943 |   0.0 |       0 |      15 |   0.0 |  1980
          D:12 |       0 |    2381 |   0.0 |       0 |      35 |   0.0 |  1674
          D:13 |       0 |    8822 |   0.0 |       0 |      30 |   0.0 |  1222
          D:14 |       0 |    7344 |   0.0 |       0 |      20 |   0.0 |  1092
          D:15 |       0 |    8346 |   0.0 |       0 |      28 |   0.0 |  1374
        Lair:1 |       0 |    6323 |   0.0 |       0 |      30 |   0.0 |  1586
        Lair:2 |       0 |    8575 |   0.0 |       0 |      35 |   0.0 |  1225
        Lair:3 |       0 |   12367 |   0.0 |       0 |      41 |   0.0 |  2469
        Lair:4 |       0 |    6700 |   0.0 |       0 |      24 |   0.0 |  1417
        Lair:5 |       0 |    7681 |   0.0 |       0 |      24 |   0.0 |  1361
        Lair:6 |       0 |   18072 |   0.0 |       0 |      57 |   0.0 |  1955
       Swamp:1 |       0 |    7862 |   0.0 |       0 |      17 |   0.0 |  1543
       Swamp:2 |       0 |   14649 |   0.0 |       0 |      42 |   0.0 |  1750
       Swamp:3 |       0 |   16747 |   0.0 |       0 |      48 |   0.0 |  2391
       Swamp:4 |       0 |   16263 |   0.0 |       0 |      45 |   0.0 |  1622
      Spider:1 |       0 |   16030 |   0.0 |       0 |      51 |   0.0 |  2742
      Spider:2 |       0 |   10001 |   0.0 |       0 |      26 |   0.0 |  1343
      Spider:3 |       0 |   14637 |   0.0 |       0 |      48 |   0.0 |  2338
         Orc:1 |       0 |    6179 |   0.0 |       0 |      44 |   0.0 |  1484
         Orc:2 |       0 |   17322 |   0.0 |       0 |      64 |   0.0 |  1572
       Abyss:2 |    4791 |     736 |  86.7 |       8 |       1 |  88.9 |   536
               +---------+---------+-------+---------+---------+-------+---------
